 Dungeon Crawl Stone Soup version 0.26.1-2-gb8aa6d0 (webtiles) character file.

Game seed: 10527957524394606499

19314 Nithhogg the Cleaver (level 12, -5/110 HPs)
             Began as a Deep Dwarf Fighter on Mar 31, 2021.
             Was a High Priest of Makhleb.
             Slain by a white ugly thing (29 damage)
             ... on level 11 of the Dungeon.
             The game lasted 00:37:54 (10833 turns).

Nithhogg the Cleaver (Deep Dwarf Fighter)          Turns: 10833, Time: 00:37:54

Health: -5/110     AC: 17    Str: 26    XL:     12   Next: 35%
Magic:  8/8        EV: 16    Int: 14    God:    Makhleb [*****.]
Gold:   1603       SH:  0    Dex: 12    Spells: 11/11 levels left

rFire    . . .     SeeInvis +   o - +4 battleaxe (venom)
rCold    . . .     Faith    .   (shield currently unavailable)
rNeg     . . .     Spirit   .   H - +3 ring mail of Huff {Rampage *Drain Will+ SInv}
rPois    .         Reflect  .   d - +1 hat {SInv}
rElec    .         Harm     .   D - scarf {+Inv}
rCorr    .         Rampage  +   (no gloves)
Will     ++...                  w - +1 pair of boots
Stlth    +.........             G - amulet of the acrobat
HPRegen  0.00/turn              j - +4 ring of protection
MPRegen  0.11/turn              F - +6 ring of intelligence

@: non-regenerating
A: damage resistance, heal wounds, sense surroundings 2, no regeneration
a: Heal Wounds, Renounce Religion, Evoke Invisibility, Minor Destruction, Lesser
Servant of Makhleb, Major Destruction, Greater Servant of Makhleb


You were on level 11 of the Dungeon.
You worshipped Makhleb.
Makhleb was extremely pleased with you.
You visited 4 branches of the dungeon, and saw 15 of its levels.

You collected 1603 gold pieces.

Inventory:

Hand Weapons
 a - a +0 war axe
 o - a +4 battleaxe of venom (weapon)
 t - a +0 war axe of flaming
 u - a +4 dire flail of protection
 x - a +2 hand axe of freezing
Armour
 c - a +0 kite shield
 d - a +1 hat of see invisible (worn)
 w - a +1 pair of boots (worn)
 D - a scarf of invisibility (worn)
 E - a +2 scale mail of cold resistance
 H - the +3 ring mail of Huff (worn) {Rampage *Drain Will+ SInv}
   (You found it on level 10 of the Dungeon)

   It affects your willpower, your defense against some magical effects.
   It lets you see invisible.
   It causes draining when unequipped.
   It bestows one free step when moving towards enemies.
 I - the +5 robe of Night {Dark Will+ SInv}
   (You found it on level 10 of the Dungeon)

   It affects your willpower, your defense against some magical effects.
   It lets you see invisible.
Jewellery
 j - a +4 ring of protection (left hand)
 r - an uncursed ring of protection from fire
 s - an uncursed ring of flight
 B - an uncursed ring of magical power
 F - a +6 ring of intelligence (right hand)
 G - an amulet of the acrobat (around neck)
Wands
 v - a wand of polymorph (6)
 y - a wand of random effects (21)
 C - a wand of enslavement (6)
Scrolls
 e - 12 scrolls of identify
 i - 3 scrolls of remove curse
 m - 3 scrolls of magic mapping
 n - 7 scrolls of teleportation
 A - 2 scrolls of random uselessness
 J - a scroll of amnesia
 K - a scroll of fear
Potions
 b - a potion of curing
 f - 2 potions of flight
 g - 2 potions of resistance
 h - a potion of magic
 k - 2 potions of lignification
 l - 3 potions of brilliance
 p - a potion of degeneration
 q - a potion of haste {unknown}
 z - a potion of mutation


   Skills:
 + Level 7.9 Fighting
 * Level 12.3 Axes
 + Level 9.6 Armour
 + Level 8.8 Dodging
 - Level 3.2 Shields
 + Level 9.5 Invocations
 + Level 9.4 Evocations


You had 11 spell levels left.
You didn't know any spells.
Your spell library contained the following spells:

 Spells                   Type           Power        Failure   Level
 Magic Dart               Conj           0%           38%         1
 Blink                    Tloc           N/A          52%         2
 Call Imp                 Summ           0%           52%         2
 Slow                     Hex            0%           52%         2
 Conjure Flame            Conj/Fire      0%           77%         3
 Mephitic Cloud           Conj/Pois/Air  0%           77%         3
 Cause Fear               Hex            0%           99%         4
 Silence                  Hex/Air        0%           100%        5
 Yara's Violent Unravell  Hex/Tmut       0%           100%        5
 Discord                  Hex            0%           100%        8


Dungeon Overview and Level Annotations

Branches:
Dungeon (11/15)            Temple (1/1) D:5            Lair (0/6) D:11
    Orc (2/2) D:9             Elf (1/3) Orc:2

Altars:
Ashenzari
Cheibriados
Dithmenos
Elyvilon
Fedhas
Gozag
Hepliaklqana
Kikubaaqudgha
Makhleb
Nemelex Xobeh
Okawaru
Qazlal
Ru
Sif Muna
Trog
Uskayaw
Vehumet
Wu Jian
Xom
Yredelemnul
Zin
The Shining One
Beogh

Shops:
D:4 ?   D:7 *   Orc:2 (**(

Annotations:
D:4 shop with brand weapon


Innate Abilities, Weirdness & Mutations

You are resistant to damage.
You can heal yourself by infusing magical energy.
You passively map the area around you.
You do not regenerate.


Message History

You closely miss the white ugly thing.
The white ugly thing is lightly wounded.
The white ugly thing engulfs you. The white ugly thing freezes you!!
* * * LOW HITPOINT WARNING * * *
You hit the white ugly thing.
The white ugly thing looks as sick as possible!
The white ugly thing is lightly wounded.
The white ugly thing engulfs you but does no damage.
You feel much better. The white ugly thing barely misses you.
Your magical essence is drained by the effort!
You feel much better. The white ugly thing barely misses you.
You slash the white ugly thing!
The white ugly thing looks as sick as possible!
The white ugly thing is heavily wounded.
The white ugly thing engulfs you! The white ugly thing freezes you!!
* * * LOW HITPOINT WARNING * * *
The white ugly thing engulfs you but does no damage.
You fail to use your ability.
The white ugly thing engulfs you. The white ugly thing freezes you!!
You die...

#<.# ##..#..##
#..## #..#..##
#...# #.#..##,*
#.#.# ##.#.##,*,
##.#.# #<...#,*
#..#.###..#.# ,*
#####)##.....)#.#
##...#.....###.#.#
^ *#...u@....##
#...# ,
#...........# #...
#...........# #...
#...........#
#..#., ,
##.........## , *
##...#...## , ,*
######### * >,
,,,* * ,


You could see a white ugly thing (extremely poisoned).

Vanquished Creatures
  Gastronok (Orc:1)
  A stone giant (Orc:2)
  2 orc high priests (Orc:2)
  An unseen horror (D:10)
  5 orc knights
  A deep elf mage (D:9)
  5 orc sorcerers
  A cyclops (Orc:2)
  An elephant (D:11)
  A gargoyle (D:11)
  3 trolls
  A wyvern (D:11)
  5 yaks (D:9)
  A basilisk (D:11)
  A steam dragon (D:9)
  2 wargs
  A sky beast (D:7)
  24 orc warriors
  3 phantoms
  2 black bears
  3 ice beasts
  5 ogres
  A necrophage (D:6)
  5 centaurs
  A big kobold (D:8)
  10 bullfrogs
  A water moccasin zombie (D:6)
  5 scorpions
  6 wights (D:6)
  3 howler monkeys
  4 electric eels (D:9)
  7 hounds
  A bullfrog skeleton (D:8)
  2 jellies
  16 orc priests
  24 orc wizards
  Natasha (thrice) (D:2)
  2 iguanas
  7 worker ants
  A killer bee zombie (D:9)
  4 hound skeletons
  A worker ant zombie (D:9)
  A gnoll (D:1)
  9 adders
  2 shadow imps (D:6)
  4 white imps
  4 ufetubi
  An ooze (D:5)
  3 adder zombies
  3 adder skeletons
  A dart slug (D:4)
  4 leopard geckos
  64 orcs
  3 giant cockroaches
  4 goblins
  3 hobgoblins
  15 jackals
  2 quokkas
  A ball python (D:4)
  7 bats
  4 frilled lizards
  11 kobolds
  12 rats
332 creatures vanquished.

Vanquished Creatures (collateral kills)
  An orc high priest (Orc:2)
  A warg (Orc:1)
  An ogre (Orc:1)
  An orc priest (Orc:2)
  An orc wizard (Orc:1)
5 creatures vanquished.

Vanquished Creatures (others)
  An adder skeleton (D:9)
  An orc (Orc:2)
2 creatures vanquished.

Grand Total: 339 creatures vanquished

Notes
Turn   | Place    | Note
-------+----------+-------------------------------------------
     0 | D:1      | Nithhogg the Deep Dwarf Fighter began the quest for the
                  | Orb.
     0 | D:1      | Reached XP level 1. HP: 20/20 MP: 1/1
    97 | D:1      | Reached XP level 2. HP: 22/27 MP: 2/2
   214 | D:1      | Reached skill level 1 in Dodging
   406 | D:1      | Reached skill level 3 in Axes
   406 | D:1      | Reached XP level 3. HP: 25/33 MP: 3/3
  1215 | D:2      | Noticed Natasha
  1222 | D:2      | Killed Natasha
  1223 | D:2      | Reached XP level 4. HP: 28/42 MP: 4/4
  1351 | D:2      | Noticed Natasha
  1356 | D:2      | Killed Natasha
  1728 | D:2      | Noticed Natasha
  1733 | D:2      | Killed Natasha
  1734 | D:2      | Reached skill level 4 in Axes
  1734 | D:2      | Reached XP level 5. HP: 15/49 MP: 5/5
  2301 | D:3      | Found a radiant altar of Vehumet.
  2766 | D:4      | Noticed an ogre
  2775 | D:4      | Killed an ogre
  2776 | D:4      | Reached XP level 6. HP: 28/56 MP: 6/6
  2807 | D:4      | Found Utaust's Magic Scroll Emporium.
  2947 | D:4      | Reached skill level 5 in Axes
  3323 | D:5      | Entered Level 5 of the Dungeon
  3468 | D:5      | Found a staircase to the Ecumenical Temple.
  3486 | Temple   | Entered the Ecumenical Temple
  3497 | Temple   | Reached XP level 7. HP: 43/64 MP: 7/7
  3678 | Temple   | Became a worshipper of Makhleb the Destroyer
  3987 | D:5      | Reached skill level 5 in Armour
  4163 | D:5      | Reached skill level 1 in Invocations
  4166 | D:5      | Reached skill level 1 in Evocations
  4187 | D:5      | Noticed Blork the orc
  4188 | D:5      | Noticed Blork
  4188 | D:5      | Blork the orc changed into Blork the ooze
  4193 | D:5      | Killed Blork the ooze
  4391 | D:6      | Reached skill level 6 in Axes
  4544 | D:6      | Reached XP level 8. HP: 51/65 MP: 8/8
  4689 | D:6      | Found a shadowy altar of Dithmenos.
  4746 | D:6      | Reached skill level 7 in Axes
  5046 | D:7      | Reached * piety under Makhleb
  5140 | D:7      | Reached skill level 5 in Fighting
  5330 | D:7      | Reached skill level 5 in Dodging
  5337 | D:7      | Gained mutation: You passively map the area around you.
                  | [Deep Dwarf growth]
  5337 | D:7      | Reached XP level 9. HP: 17/81 MP: 11/11
  5474 | D:7      | Reached skill level 8 in Axes
  5527 | D:7      | Found Terch's Assorted Antiques.
  6100 | D:8      | Reached skill level 5 in Invocations
  6140 | D:8      | Reached skill level 5 in Evocations
  6856 | D:9      | Reached ** piety under Makhleb
  6867 | D:9      | Reached skill level 9 in Axes
  6951 | D:9      | Reached XP level 10. HP: 60/91 MP: 12/12
  7003 | D:9      | Noticed a deep elf mage
  7016 | D:9      | Killed a deep elf mage
  7112 | D:9      | Reached *** piety under Makhleb
  7575 | D:9      | Reached skill level 10 in Axes
  7731 | D:9      | Found a staircase to the Orcish Mines.
  7800 | D:10     | Entered Level 10 of the Dungeon
  7849 | Orc:1    | Entered Level 1 of the Orcish Mines
  7849 | Orc:1    | Noticed an orc sorcerer
  7858 | D:9      | Noticed a soul eater
  7860 | D:9      | Killed an orc sorcerer
  7884 | Orc:1    | Noticed an orc knight
  7889 | Orc:1    | Noticed Gastronok
  7921 | D:9      | Killed an orc knight
  7990 | Orc:1    | Reached **** piety under Makhleb
  8001 | Orc:1    | Killed Gastronok
  8002 | Orc:1    | Reached XP level 11. HP: 60/99 MP: 12/12
  8093 | Orc:1    | Found a roughly hewn altar of Beogh.
  8421 | Orc:2    | Entered Level 2 of the Orcish Mines
  8439 | Orc:2    | Noticed a stone giant
  8448 | Orc:2    | HP: 1/99 [stone giant/large rock (39)]
  8463 | Orc:2    | Killed a stone giant
  8464 | Orc:2    | Reached skill level 11 in Axes
  8800 | Orc:2    | Reached ***** piety under Makhleb
  8859 | Orc:2    | Noticed an orc sorcerer
  8867 | Orc:2    | Killed an orc sorcerer
  9136 | Orc:2    | Found a staircase to the Elven Halls.
  9224 | Orc:2    | Noticed an orc knight
  9247 | Orc:2    | Killed an orc knight
  9269 | Orc:2    | Noticed an orc knight
  9281 | Orc:2    | Noticed an orc sorcerer
  9288 | Orc:2    | Killed an orc knight
  9294 | Orc:2    | Killed an orc sorcerer
  9321 | Orc:2    | Noticed an orc high priest
  9322 | Orc:2    | Noticed an orc high priest
  9328 | Orc:2    | Noticed an orc sorcerer
  9329 | Orc:2    | Noticed an orc knight
  9338 | Orc:2    | Noticed a sixfirhy
  9339 | Orc:2    | Killed an orc high priest
  9398 | Orc:2    | Noticed an orc high priest
  9415 | Orc:2    | Killed an orc knight
  9417 | Orc:2    | Killed an orc sorcerer
  9418 | Orc:2    | Reached XP level 12. HP: 64/109 MP: 9/9
  9419 | Orc:2    | Killed an orc high priest
  9439 | Orc:2    | Noticed a green death
  9457 | Orc:2    | HP: 3/109 [green death/poison arrow[the player character]
                  | (19)]
  9701 | D:10     | Reached skill level 12 in Axes
  9919 | D:10     | Found the +5 robe of Night {Dark Will+ SInv}
  9923 | D:10     | Got a heavily runed ring mail
  9938 | D:10     | Identified the +3 ring mail of Huff {Rampage *Drain Will+
                  | SInv} (You found it on level 10 of the Dungeon)
 10074 | D:10     | Found a hazy altar of Hepliaklqana.
 10324 | D:11     | Found a staircase to the Lair.
 10586 | Orc:2    | Killed an orc high priest
 10642 | Orc:2    | Found Sojodasi's Antique Weapon Boutique.
 10642 | Orc:2    | Found Mil Udghi's Weapon Shoppe.
 10644 | Orc:2    | Found Veerch's General Store.
 10644 | Orc:2    | Found Jopanixt's General Store.
 10706 | Elf:1    | Entered Level 1 of the Elven Halls
 10828 | D:11     | HP: 1/110 [white ugly thing (33)]
 10833 | D:11     | Slain by a white ugly thing

Illustrated notes

Levels and vault maps discovered:
D:1:      minmay_arrival_floating_metal, layout_loops_cross,
          minmay_misc_feat_ornament, fountainhead
D:2:      layout_loops_corners, uniq_natasha
D:3:      layout_loops_corners, nicolae_overflow_hidden_temple,
          item_on_display_a
D:4:      layout_loops_cross, serial_shops, nicolae_shop_behind_doors
D:5:      layout_basic, minmay_temple_entry_ruins, dk_rats_in_the_wall,
          uniq_blork_the_orc
D:6:      layout_rooms, basic_altar
D:7:      layout_basic, serial_shops, shop, kennysheep_generic_room_13
D:8:      layout_basic
D:9:      layout_big_octagon, erik_orc_2, corexii_hall_statues_i,
          grunt_decor_mini_mirrors
D:10:     layout_roguey, basic_altar
D:11:     minmay_the_grid_octo_tiled_squarecenter
          [minmay_the_grid_octo_odd_swirl, minmay_the_grid_octo_checkerflower,
          minmay_the_grid_octo_77, minmay_the_grid_octo_concentric,
          minmay_the_grid_square_5x5_megaprize_open,
          minmay_the_grid_square_5x5_plus, minmay_the_grid_square_5x5_six_small,
          minmay_the_grid_square_5x5_inset,
          minmay_the_grid_square_5x5_two_walls_a], layout_rooms,
          david_lair_generic, basic_altar, serial_shops, shop
Temple:   kilobyte_greek_temple
Orc:1:    layout_caves, basic_altar, uniq_gastronok
Orc:2:    grunt_orc_tribal_feast, layout_caves
Elf:1:    layout_onion_city, orc_legates

Skill      XL: |  1  2  3  4  5  6  7  8  9 10 11 12 |
---------------+-------------------------------------+-----
Dodging        | 1 2 3 4 5 6 7 8 |  8.8
Axes           | 3 4 5 6 7 9 10 11 12 | 12.3
Fighting       | 3 4 5 6 7 |  7.9
Armour         | 4 5 6 7 8 9 |  9.6
Invocations    | 2 4 5 7 8 9 |  9.5
Evocations     | 2 4 5 7 8 9 |  9.4
Shields        | |  3.2

Action                   |  1- 3 |  4- 6 |  7- 9 | 10-12 || total
-------------------------+-------+-------+-------+-------++-------
Melee: War axe           |    92 |   183 |    36 |       ||   311
       Hand axe          |       |       |   169 |       ||   169
       Battleaxe         |       |       |   203 |   409 ||   612
Invok: Minor Destruction |       |       |     4 |    14 ||    18
       Lesser Servant of |       |       |       |     3 ||     3
       Major Destruction |       |       |       |    11 ||    11
       Greater Servant o |       |       |       |     1 ||     1
 Abil: Heal Wounds       |       |     3 |    16 |    54 ||    73
Evoke: Wand              |       |       |     1 |       ||     1
  Use: Scroll            |     1 |       |    13 |     8 ||    22
       Potion            |       |       |     1 |     4 ||     5
Armor: Scale mail        |    44 |   108 |   229 |   179 ||   560
       Skin              |       |       |       |     4 ||     4
       Ring mail         |       |       |       |    24 ||    24
Dodge: Dodged            |    66 |   137 |   268 |   341 ||   812
